 Dungeon Crawl Stone Soup version 0.21.0-3-g78d12a8 (webtiles) character file.

9 Monsterracer the Stinger (level 2, 0/20 HPs)
             Began as a Ghoul Venom Mage on Jan 13, 2018.
             Slain by a jackal (1 damage)
             ... on level 1 of the Dungeon.
             The game lasted 00:00:50 (413 turns).

Monsterracer the Stinger (Ghoul Venom Mage)          Turns: 413, Time: 00:00:51

Health: 0/20       AC:  2    Str: 11    XL:     2   Next: 12%
Magic:  2/3        EV: 12    Int: 10    God:
Gold:   12         SH:  0    Dex:  9    Spells: 3/4 levels left

rFire    . . .     SeeInvis .     - Unarmed
rCold    + . .     Gourm    .   (no shield)
rNeg     + + +     Faith    .   a - +0 robe
rPois    ∞         Spirit   .   (no helmet)
rElec    .         Reflect  .   (no cloak)
rCorr    .         Harm     .   (no gloves)
MR       .....                  (no boots)
Stlth    ++........             (no amulet)
HPRegen  0.00/turn              (no ring)
MPRegen  0.08/turn              (no ring)

@: rotting
A: rotting body, claws 1, carnivore, cold resistance 1, negative energy
resistance 3, inhibited regeneration, torment resistance, unbreathing
a: no special abilities


You were on level 1 of the Dungeon.
You were not hungry.

You visited 1 branch of the dungeon, and saw 1 of its levels.

You collected 12 gold pieces.

Inventory:

Armour
 a - a +0 robe (worn)
Comestibles
 c - a ration


   Skills:
 - Level 1.7 Dodging
 - Level 2.1 Stealth
 + Level 1.9 Unarmed Combat
 - Level 1.7 Spellcasting
 - Level 0.7 Conjurations
 - Level 3.0 Poison Magic


You had 3 spell levels left.
You knew the following spells:

 Your Spells              Type           Power        Failure   Level  Hunger
a - Sting                 Conj/Pois      #...         16%         1    ##.....


Dungeon Overview and Level Annotations

Branches:
Dungeon (1/15)

Altars:


Innate Abilities, Weirdness & Mutations

Your body is rotting away.
You thrive on raw meat.
You are immune to poison.
You have sharp fingernails.
You are carnivorous and can eat meat at any time.
Your flesh is cold resistant. (rC+)
You are immune to negative energy. (rN+++)
You do not regenerate when monsters are visible.
You are immune to unholy pain and torment.
You can survive without breathing.


Message History

MP restored: 3 Eat a chunk of flesh? (ye/n/q)
You eat the chunk of flesh.
This raw flesh tastes great!
The bat hits you but does no damage. The bat hits you.
You regained 4 hp, and now have 12/20 hp.
You miss the bat. The bat closely misses you.
You scratch the bat.
The bat is severely wounded.
The bat hits you. The bat hits you but does no damage.
You take 1 damage, and have 11/20 hp.
You miss the bat.
The bat is severely wounded.
The bat hits you.
* * * LOW HITPOINT WARNING * * *
You take 1 damage, and have 10/20 hp.
You closely miss the bat.
The bat is severely wounded.
The bat closely misses you. The bat hits you but does no damage.
You barely miss the bat.
The bat is severely wounded.
The bat closely misses you.
You closely miss the bat.
The bat is severely wounded.
The bat misses you. The bat barely misses you.
Unknown command.
You closely miss the bat.
The bat is severely wounded.
The bat hits you but does no damage.
You scratch the bat but do no damage.
The bat is severely wounded.
The bat barely misses you. The bat closely misses you.
Unknown command.
You barely miss the bat.
The bat is severely wounded.
The bat hits you.
* * * LOW HITPOINT WARNING * * *
The bat hits you but does no damage.
You take 1 damage, and have 9/20 hp.
You scratch the bat.
You kill the bat!
You barely miss the goblin. The goblin barely misses you.
Unknown command.
You closely miss the goblin. The goblin misses you.
You barely miss the goblin.
Unknown command.
You closely miss the goblin. The goblin hits you with a club.
* * * LOW HITPOINT WARNING * * *
You take 1 damage, and have 8/20 hp.
You barely miss the goblin. The goblin hits you with a club.
* * * LOW HITPOINT WARNING * * *
You take 5 damage, and have 3/20 hp.
MASSIVE DAMAGE!!
You scratch the goblin.
The goblin is heavily wounded.
The goblin hits you with a club.
* * * LOW HITPOINT WARNING * * *
You take 2 damage, and have 1/20 hp.
You barely miss the goblin.
The goblin is heavily wounded.
The goblin hits you but does no damage.
Found a scroll labeled HUFESMINLA.
You closely miss the goblin. The goblin completely misses you.
Casting: Sting
Confirm with . or Enter, or press ? or * to list all spells.
Aiming: Sting
Press: ? - help, Shift-Dir - straight line, f - goblin
Aim: a goblin, wielding a club The sting misses the goblin.
The goblin hits you but does no damage.
You now have 2/3 mp.
Casting: Sting
Confirm with . or Enter, or press ? or * to list all spells.
Aiming: Sting
Press: ? - help, Shift-Dir - straight line, f/p - goblin
Aim: a goblin, wielding a club You miscast Sting.
You are very lightly contaminated with residual magic.
Nothing appears to happen.
The goblin closely misses you.
You now have 1/3 mp.
Casting: Sting
Confirm with . or Enter, or press ? or * to list all spells.
Aiming: Sting
Press: ? - help, Shift-Dir - straight line, f/p - goblin
Aim: a goblin, wielding a club The sting misses the goblin.
The goblin barely misses you.
You now have 0/3 mp.
Found a stone staircase leading down.
A jackal comes into view.
The jackal barks!
You hear a bark!
Found 11 gold pieces.
A jackal comes into view.
A jackal comes into view.
The jackal bites you but does no damage.
A jackal comes into view.
The jackal barely misses you. The jackal misses you. The jackal misses you.
The jackal barks!
The jackal bites you but does no damage.
Your magical contamination has completely faded away.
The jackal bites you.
You die...

#..###........ #..#
#K....... #..#
#K....... #..#
#........ #..#
#.Kh$....
#..###.K...........
#..hhg.............
###h####.............
#...@..#.............
######.#.............
#.#.............
#K#.............
#.#########.K#.# #.#
#.K... ## #.# #..#%#
#... #.# #g.###
#....##.# #.....


You could see a jackal.

Vanquished Creatures
  A bat (D:1)
  A giant cockroach (D:1)
  3 goblins (D:1)
  A hobgoblin (D:1)
  A frilled lizard (D:1)
7 creatures vanquished.

Notes
Turn   | Place    | Note
-------+----------+-------------------------------------------
     0 | D:1      | Monsterracer the Ghoul Venom Mage began the quest for the Orb.
     0 | D:1      | Reached XP level 1. HP: 14/14 MP: 2/2
    42 | D:1      | HP: 7/14 [frilled lizard (3)]
    43 | D:1      | Reached skill level 1 in Unarmed Combat
   341 | D:1      | HP: 7/14 [bat (1)]
   350 | D:1      | Reached XP level 2. HP: 8/20 MP: 3/3
   354 | D:1      | HP: 10/20 [bat (1)]
   360 | D:1      | HP: 9/20 [bat (1)]
   365 | D:1      | HP: 8/20 [goblin/club (1)]
   366 | D:1      | HP: 3/20 [goblin/club (5)]
   367 | D:1      | HP: 1/20 [goblin/club (2)]
   413 | D:1      | Slain by a jackal

Skill      XL: |  1 |
---------------+----+-----
Unarmed Combat | 1 |  1.9
Dodging        | |  1.7
Stealth        | |  2.1
Spellcasting   | |  1.7
Conjurations   | |  0.7
Poison Magic   | |  3.0

Action                   || total
-------------------------++-------
Melee: Unarmed           ||    47
       Punch             ||     1
 Cast: Sting             ||     2
  Eat: Chunk             ||     1
Armor: Robe              ||    15
Dodge: Dodged            ||    37

Vault maps used:
D:1:      dpeg_arrival_long_road, minmay_misc_feat_ornament,
          minmay_misc_feat_doors
